 Dungeon Crawl Stone Soup version 0.24.0-2-g5b39cebb1c (webtiles) character file.

Game seed: 13692670450103597781, levelgen mode: deterministic

450 Esekla the Ducker (level 6, 0/30 HPs)
             Began as a Spriggan Skald on Oct 29, 2019.
             Was an Initiate of Gozag.
             Slain by a gnoll
             ... wielding a +0 halberd
              (17 damage)
             ... on level 3 of the Dungeon.
             The game lasted 00:32:42 (4529 turns).

Esekla the Ducker (Spriggan Skald)                  Turns: 4529, Time: 00:32:43

Health: 0/30       AC:  2    Str:  8    XL:     6   Next: 74%
Magic:  13/13      EV: 20    Int: 15    God:    Gozag
Gold:   630        SH:  0    Dex: 16    Spells: 2/13 levels left

rFire    . . .     SeeInvis +   a - +0 short sword
rCold    . . .     Gourm    .   (shield restricted)
rNeg     . . .     Faith    .   b - +0 robe
rPois    .         Spirit   .   (helmet restricted)
rElec    .         Reflect  .   (no cloak)
rCorr    .         Harm     .   (gloves unavailable)
MR       +....                  (boots unavailable)
Stlth    ++........             (no amulet)
HPRegen  0.10/turn              (no ring)
MPRegen  0.13/turn              (no ring)

@: very quick
A: very small, unfitting armour, see invisible, herbivore, speed 3, slow
metabolism 2
a: Potion Petition, Call Merchant, Bribe Branch, Renounce Religion


You were on level 3 of the Dungeon.
You worshipped Gozag.
Gozag was pleased with you.
You were not hungry.

You visited 1 branch of the dungeon, and saw 3 of its levels.

You collected 655 gold pieces.
You paid 25 gold pieces to Gozag.

Inventory:

Hand Weapons
 a - a +0 short sword (weapon)
 f - a +0 spear
Missiles
 n - 8 poisoned darts (quivered)
Armour
 b - a +0 robe (worn)
 k - a +0 buckler
Scrolls
 c - a scroll of remove curse
 h - a scroll of random uselessness {unknown}
 i - a scroll of enchant weapon {unknown}
 m - a scroll of fog {unknown}
Potions
 e - a potion of ambrosia {unknown}
 g - a potion of agility {unknown}
 j - 2 potions of curing {unknown}
 l - a potion of brilliance {unknown}
Comestibles
 d - 6 rations


   Skills:
 - Level 1.5 Fighting
 + Level 4.9 Short Blades
 + Level 5.0 Dodging
 + Level 2.5 Stealth
 + Level 4.1 Spellcasting
 * Level 0.6 Hexes
 - Level 4.4 Charms
 * Level 2.2 Necromancy
 * Level 3.6 Translocations


You had 2 spell levels left.
You knew the following spells:

 Your Spells              Type           Power        Failure   Level  Hunger
a - Infusion              Chrm           ###.         3%          1    None
b - Shroud of Golubria    Chrm/Tloc      ###...       5%          2    ##.....
c - Song of Slaying       Chrm           ###.....     4%          2    ##.....
e - Spectral Weapon       Hex/Chrm       ##......     19%         3    ###....
g - Regeneration          Chrm/Necr      ##........   14%         3    ###....

Your spell library contained the following spells:

 Spells                   Type           Power        Failure   Level  Hunger


Dungeon Overview and Level Annotations

Branches:
Dungeon (3/15)

Altars:
Cheibriados
Fedhas
Gozag
Zin


Innate Abilities, Weirdness & Mutations

You are very small and have problems with some larger weapons.
You are too small for most types of armour.
You have supernaturally acute eyesight. (SInv)
You are a herbivore.
You cover ground extremely quickly.
You need to consume almost no food.


Message History

You barely miss the gnoll.
The gnoll is lightly wounded.
The gnoll misses you.
You hit the gnoll.
The gnoll is moderately wounded.
The gnoll closely misses you.
You hit the gnoll but do no damage.
The gnoll is moderately wounded.
The gnoll misses you.
You hit the gnoll.
The gnoll is moderately wounded.
You hit the gnoll but do no damage.
The gnoll is moderately wounded.
The gnoll misses you.
You hit the gnoll.
The gnoll is heavily wounded.
The gnoll hits you with a +0 halberd!
Ouch! That really hurt!
You die...
Your body crumbles into a pile of gold.

##.################### #(#
##[#..(...(.(.....g.># #.#
.....###############.# #.. [....#
#......##########.#
.....##########.##.#............#
.................................
..)..............................
≈≈≈.≈≈.≈≈.≈≈.....g≈.≈.≈.≈≈≈≈≈....
≈≈≈≈≈≈≈≈≈≈)≈≈...@≈≈≈≈≈≈≈≈≈≈≈≈≈≈≈≈
≈≈≈≈≈≈≈≈≈≈≈≈≈.....≈≈≈≈≈≈≈≈≈≈≈≈≈≈≈
≈≈≈≈≈≈≈≈≈≈≈≈.)(..≈≈≈≈≈≈≈≈≈≈≈≈≈≈≈≈
##############')#################
....#.......#)..)#.......#.......
....'.......#.)).#....)..'......(
....#########()..#########...(.(.
...........#...())#.)........####
....((.)(.('((...)))(........#


You could see a gnoll.

Vanquished Creatures
  2 big kobolds (D:3)
  An orc priest (D:3)
  A jelly (D:2)
  An orc wizard (D:3)
  Ijyb (D:3)
  4 gnolls
  6 adders
  A worm (D:1)
  A dart slug (D:3)
  A leopard gecko (D:3)
  6 orcs (D:3)
  5 giant cockroaches
  5 goblins
  8 hobgoblins
  2 jackals (D:1)
  A ball python (D:1)
  7 bats
  9 frilled lizards
  44 kobolds
  8 rats
114 creatures vanquished.

Notes
Turn   | Place    | Note
-------+----------+-------------------------------------------
     0 | D:1      | Esekla the Spriggan Skald began the quest for the Orb.
     0 | D:1      | Reached XP level 1. HP: 10/10 MP: 5/5
   255 | D:1      | Reached XP level 2. HP: 4/14 MP: 4/7
   259 | D:1      | Learned a level 2 spell: Shroud of Golubria
   262 | D:1      | Learned a level 2 spell: Song of Slaying
   862 | D:1      | Reached skill level 1 in Translocations
  1415 | D:2      | Reached skill level 4 in Dodging
  1415 | D:2      | Reached XP level 3. HP: 13/18 MP: 0/8
  1456 | D:2      | Learned a level 3 spell: Regeneration
  1844 | D:2      | Reached skill level 1 in Stealth
  1844 | D:2      | Reached XP level 4. HP: 18/22 MP: 8/10
  1934 | D:2      | Found an opulent altar of Gozag.
  1970 | D:2      | Became a worshipper of Gozag Ym Sagoz the Greedy
  2102 | D:2      | HP: 1/22 [gnoll/+0 club (7)]
  2360 | D:2      | You fall into a shaft and drop 1 floor!
  2661 | D:3      | Found a glowing silver altar of Zin.
  2674 | D:3      | Reached skill level 1 in Necromancy
  2706 | D:3      | Reached XP level 5. HP: 14/25 MP: 6/11
  3185 | D:3      | Noticed Ijyb
  3186 | D:3      | Paralysed by Ijyb for 7 turns
  3239 | D:3      | Paralysed by Ijyb for 7 turns
  3381 | D:3      | Killed Ijyb
  3381 | D:3      | Reached XP level 6. HP: 25/30 MP: 8/13
  3408 | D:3      | Found a snail-covered altar of Cheibriados.
  3565 | D:2      | Found a blossoming altar of Fedhas.
  3809 | D:3      | Learned a level 3 spell: Spectral Weapon
  4020 | D:3      | Reached skill level 5 in Dodging
  4529 | D:3      | Slain by a gnoll

Levels and vault maps discovered:
D:1:      wander_arrival_chamber, layout_loops_corners
D:2:      layout_loops_ring, nicolae_overflow_hidden_temple, first_ration,
          nicolae_gozag_cash_rules_everything_around_me
D:3:      minmay_goblin_kobold_castle, layout_loops_ring, zin_statuary,
          kennysheep_slug_shrine, uniq_ijyb

Skill      XL: |  1  2  3  4  5  6 |
---------------+-------------------+-----
Spellcasting   | 3 4 |  4.1
Translocations | 1 2 3 |  3.6
Dodging        | 4 5 |  5.0
Short Blades   | 3 4 |  4.9
Stealth        | 1 2 |  2.5
Necromancy     | 1 2 |  2.2
Fighting       | |  1.5
Hexes          | |  0.6
Charms         | |  4.4

Action                   |  1- 3 |  4- 6 || total
-------------------------+-------+-------++-------
Melee: Short sword       |   130 |   371 ||   501
Throw: Dart              |       |    15 ||    15
 Cast: Infusion          |     3 |    10 ||    13
       Shroud of Golubri |     6 |    17 ||    23
       Song of Slaying   |       |     5 ||     5
  Use: Scroll            |       |     1 ||     1
 Stab: Sleeping          |     3 |     3 ||     6
       Distracted        |       |     1 ||     1
  Eat: Ration            |       |     2 ||     2
Armor: Robe              |    11 |    23 ||    34
Dodge: Dodged            |    90 |   272 ||   362
